dodgy p4 escape

Match 34368766
End
Pioneer Squad
Selects Luftwaffe Battlegroup
Selects Luftwaffe Pioneer Support
Fallschirmpioneer Squad Paradrop
Construct Infanterie Kompanie
Grenadier Squad
Grenadier Squad
Infanterie Officer Quarters
MG 42 Machine Gun Team
Selects LG40 Recoilless Gun Paradrop
Grenadier Squad
LG40 Recoilless Gun Paradrop
MG 42 Machine Gun Team
Construct Panzergrenadier Kompanie
Medical Bunker
Pak 40 Anti-tank Gun Team
Construct Panzer Kompanie
Selects Infantry Reserves
Pioneer Squad
Selects Reconnaissance Run
Selects Fallschirmjäger Squad Paradrop
Sniper
Panzer IV Medium Tank
Panzer IV Medium Tank
Pak 40 Anti-tank Gun Team
Side Skirts
Panzer Officer Quarters
Selects Stuka Loiter
Alfonso
Stana
0
0

Comments sign in to comment!

No comments posted yet!